 Dungeon Crawl Stone Soup version 0.24.1-14-gf8d2b509d9 (webtiles) character file.

Game seed: 16768973318581768712, levelgen mode: deterministic

63 KlarStein the Slasher (level 3, -1/29 HPs)
             Began as a Demonspawn Berserker on Dec 12, 2020.
             Was a Believer of Trog.
             Succumbed to an adder's poison
             ... on level 2 of the Dungeon.
             The game lasted 00:03:14 (945 turns).

KlarStein the Slasher (Demonspawn Berserker)         Turns: 945, Time: 00:03:14

Health: -1/29      AC:  3    Str: 17    XL:     3   Next: 89%
Magic:  1/3        EV: 12    Int:  8    God:    Trog [**....]
Gold:   81         SH:  0    Dex: 13    Spells: 2/2 levels left

rFire    . . .     SeeInvis .   a - +0 falchion
rCold    . . .     Gourm    .   (no shield)
rNeg     . . .     Faith    .   e - +0 leather armour
rPois    .         Spirit   +   (no helmet)
rElec    .         Reflect  .   (no cloak)
rCorr    .         Harm     .   (no gloves)
MR       .....                  (no boots)
Stlth    +.........             (no amulet)
HPRegen  0.09/turn              (no ring)
MPRegen  0.08/turn              (no ring)

@: lethally poisoned (-1 -> -11), berserk cooldown, slowed, very slow
A: magic shield
a: Berserk, Trog's Hand, Renounce Religion


You were on level 2 of the Dungeon.
You worshipped Trog.
Trog was pleased with you.
You were very hungry.

You visited 1 branch of the dungeon, and saw 2 of its levels.

You collected 81 gold pieces.

Inventory:

Hand Weapons
 a - a +0 falchion (weapon)
Missiles
 i - 15 poisoned darts (quivered)
Armour
 b - a +0 animal skin
 e - a +0 leather armour (worn)
Jewellery
 d - an uncursed amulet of rage {unknown}
 g - an uncursed ring of stealth {unknown}
 h - an uncursed ring of wizardry
Scrolls
 f - a scroll of remove curse {unknown}
Comestibles
 c - 3 rations


   Skills:
 + Level 3.4 Fighting
 * Level 3.5 Long Blades
 + Level 2.2 Armour
 + Level 2.3 Dodging


You had 2 spell levels left.
You didn't know any spells.
Your spell library was empty.

Dungeon Overview and Level Annotations

Branches:
Dungeon (2/15)

Altars:


Innate Abilities, Weirdness & Mutations

When hurt, damage is shared between your health and your magic reserves.


Message History

You feel sick.
Things that are here:
a chunk of flesh; an adder skeleton
* * * LOW HITPOINT WARNING * * *
You feel sick.
You feel your anger nearly subside.
You are no longer berserk.
You are exhausted.
You feel yourself slow down.
Found 20 bolts.
* * * LOW HITPOINT WARNING * * *
You feel sick.
You hit the kobold.
The kobold is severely wounded.
* * * LOW HITPOINT WARNING * * *
You feel sick. The kobold misses you. The kobold hits you.
* * * LOW HITPOINT WARNING * * *
You hit the kobold.
You kill the kobold!
Trog accepts your kill.
You die...

#...## #.. .......
.....###### (.#........
..........#..
...........
........#.... ..........
#.....#.# #.# #.#.......
##.#.##.# #.# #........#
..###...# #.# #.......#
##)#.##.# #.# #.†.....#
#.....#.###.####@#....##
..###...##.....%.#....#
# #..###..#######.#.#
#.......# .# # #######.#
.# #.# # #.# #.. ###


There were no monsters in sight!

Vanquished Creatures
  A hound skeleton (D:2)
  An adder (D:2)
  A dart slug (D:1)
  2 ball pythons (D:1)
  4 bats (D:1)
  A giant cockroach (D:1)
  4 goblins
  7 hobgoblins
  2 jackals (D:1)
  2 frilled lizards
  4 kobolds
  7 rats
36 creatures vanquished.

Notes
Turn   | Place    | Note
-------+----------+-------------------------------------------
     0 | D:1      | KlarStein the Demonspawn Berserker began the quest for the
                  | Orb.
     0 | D:1      | Reached XP level 1. HP: 18/18 MP: 1/1
   140 | D:1      | Gained mutation: When hurt, damage is shared between your
                  | health and your magic reserves. [demonic ancestry]
   140 | D:1      | Reached XP level 2. HP: 15/24 MP: 2/2
   586 | D:1      | Reached ** piety under Trog
   586 | D:1      | Reached XP level 3. HP: 23/29 MP: 3/3
   944 | D:2      | HP: 1/29 [kobold (3)]
   945 | D:2      | Succumbed to an adder's poison

Levels and vault maps discovered:
D:1:      minmay_arrival_hallway, layout_rooms, st_stairs_8, feat_on_display
D:2:      layout_loops_ring, doesnt_xom_only_xom, minmay_tall_x

Skill      XL: |  1  2 |
---------------+-------+-----
Armour         | 2 |  2.2
Long Blades    | 3 |  3.5
Dodging        | 2 |  2.3
Fighting       | |  3.4

Action                   || total
-------------------------++-------
Melee: Falchion          ||   109
Invok: Berserk           ||     1
Armor: Animal skin       ||     9
       Leather armour    ||    11
Dodge: Dodged            ||    87
       Rpst.: Falchion   ||    31
